 Dungeon Crawl Stone Soup version 0.21-a0-582-g1b93aee (webtiles) character file.

15030 theanonym the Destroyer (level 12, -1/70 HPs)
             Began as a Tengu Air Elementalist on Dec 19, 2017.
             Was a Priest of Vehumet.
             Slain by a black mamba (11 damage)
             ... on level 2 of the Lair of Beasts.
             The game lasted 01:20:30 (21160 turns).

theanonym the Destroyer (Tengu Air Elementalist)   Turns: 21160, Time: 01:20:31

Health: -1/70      AC:  7    Str:  5    XL:     12   Next: 22%
Magic:  4/24       EV: 14    Int: 19    God:    Vehumet [***...]
Gold:   510        SH:  0    Dex: 19    Spells: 3/26 levels left

rFire    + + .     SeeInvis .   R - staff of energy {+Channel Hungerless}
rCold    . . .     Gourm    .   (no shield)
rNeg     . . .     Faith    .   O - +1 troll leather armour {44 Regen+}
rPois    +         Spirit   .   X - +1 hat {MR+} {MR+}
rElec    .         Reflect  .   B - +0 cloak
rCorr    .         Harm     .   (no gloves)
MR       ++...                  (boots unavailable)
Stlth    ++........             T - amulet of Deoliwur {Inacc rPois rF++ Str-4 Dex+3}
HPRegen  0.61/turn              b - ring of protection from magic {MR+}
MPRegen  0.19/turn              Y - ring of poison resistance {rPoisrPois}

@: swift (expiring), very quick
A: beak, talons 3, able to fly 1
a: Fly, Renounce Religion


Innate Abilities, Weirdness & Mutations

You have a beak for a mouth.
You have claws for feet.
You can fly.


   Skills:
 - Level 6.2 Fighting
 - Level 4.8 Dodging
 - Level 2.0 Stealth
 - Level 7.7 Spellcasting
 - Level 13.0 Conjurations
 - Level 5.2 Charms
 - Level 12.8 Air Magic
 + Level 4.7 Evocations


You had 3 spell levels left.
You knew the following spells:

 Your Spells              Type           Power        Failure   Level  Hunger
a - Shock                 Conj/Air       ####         1%          1    None
b - Static Discharge      Conj/Air       ######..     1%          3    None
d - Mephitic Cloud        Conj/Pois/Air  #####...     1%          3    None
e - Airstrike             Air            ######....   1%          4    None
f - Lightning Bolt        Conj/Air       ######....   1%          5    None
s - Swiftness             Chrm/Air       #####...     1%          2    None
t - Iskenderun's Battles  Conj/Chrm      #####...     2%          5    None

Skill      XL: |  1  2  3  4  5  6  7  8  9 10 11 12 |
---------------+-------------------------------------+-----
Conjurations   | 2 3 4 5 6 7 9 10 11 13 | 13.0
Air Magic      | 5 6 7 8 9 11 12 | 12.8
Spellcasting   | 3 4 5 7 |  7.7
Dodging        | 3 4 |  4.8
Fighting       | 4 5 6 |  6.2
Charms         | 4 5 |  5.2
Evocations     | 4 |  4.7
Stealth        | |  2.0

Action                   |  1- 3 |  4- 6 |  7- 9 | 10-12 || total
-------------------------+-------+-------+-------+-------++-------
Melee: Unarmed           |     8 |       |       |       ||     8
       Kick              |     3 |   125 |    26 |    15 ||   169
       Club              |     2 |       |       |       ||     2
       Peck              |     4 |    80 |    21 |    11 ||   116
       Dagger            |    14 |   324 |   124 |    44 ||   506
       Staff             |       |       |       |    25 ||    25
Throw: Throwing net      |       |       |     2 |     2 ||     4
 Cast: Shock             |    71 |   107 |   115 |   168 ||   461
       Static Discharge  |       |     5 |    28 |    56 ||    89
       Airstrike         |       |     2 |    24 |    33 ||    59
       Swiftness         |       |     1 |     5 |    10 ||    16
       Lightning Bolt    |       |       |     3 |    47 ||    50
       Iskenderun's Batt |       |       |       |    19 ||    19
       Mephitic Cloud    |       |       |       |     1 ||     1
 Abil: Fly               |       |     6 |     1 |     3 ||    10
Evoke: Wand              |       |       |     2 |    14 ||    16
       Staff of energy   |       |       |       |     4 ||     4
  Use: Scroll            |       |    10 |     8 |     8 ||    26
       Potion            |       |       |     1 |     3 ||     4
 Stab: Sleeping          |     1 |     2 |     4 |       ||     7
       Paralysed         |       |       |     1 |     1 ||     2
  Eat: Chunk             |     5 |    14 |    14 |    15 ||    48
       Ration            |       |     1 |     4 |     6 ||    11
Armor: Robe              |    11 |     7 |    21 |    23 ||    62
       Troll leather arm |       |       |       |     6 ||     6
Dodge: Dodged            |    29 |    61 |    82 |   144 ||   316
Block: Other             |       |       |    12 |    18 ||    30
       Reflection        |       |       |       |     5 ||     5

Inventory:

Missiles
 m - 6 sling bullets
Armour
 a - a +1 robe {0}
 B - a +0 cloak (worn)
   (You found it on level 5 of the Dungeon)
 O - a +1 troll leather armour (worn) {44 Regen+}
   (You found it on level 11 of the Dungeon)
 X - a +1 hat of magic resistance (worn) {MR+}
   (You found it in a labyrinth)
Magical Staves
 R - an uncursed staff of energy (weapon) {+Channel Hungerless}
   (You found it on level 9 of the Dungeon)
Jewellery
 b - a ring of protection from magic (left hand) {MR+}
   (You found it on level 5 of the Dungeon)
 k - an uncursed amulet of magic regeneration {unknown}
   (You took it off a centaur on level 11 of the Dungeon)
 p - the ring of Serendipity {rN+ Str+2 Slay+6}
   (You found it on level 1 of the Lair of Beasts)

   [ring of positive energy]

   It affects your strength (+2).
   It affects your accuracy and damage with ranged weapons and melee attacks
   (+6).
   It protects you from negative energy.
 u - a +3 amulet of reflection
   (You found it on level 4 of the Dungeon)
 T - the amulet of Deoliwur (around neck) {Inacc rPois rF++ Str-4 Dex+3}
   (You found it in a labyrinth)

   [amulet of inaccuracy]

   It reduces the accuracy of all your attacks.
   It affects your strength (-4).
   It affects your dexterity (+3).
   It greatly protects you from fire.
   It protects you from poison.
 Y - a ring of poison resistance (right hand) {rPoisrPois}
   (You found it in a labyrinth)
Wands
 d - a wand of digging (8)
   (You took it off Sigmund on level 4 of the Dungeon)
 n - a wand of iceblast (9)
   (You found it on level 11 of the Dungeon)
 r - a wand of disintegration (9)
   (You found it on level 10 of the Dungeon)
 v - a wand of acid (11)
   (You found it on level 7 of the Dungeon)
 z - a wand of paralysis (12)
   (You found it on level 1 of the Lair of Beasts)
 I - a wand of polymorph (11)
   (You found it on level 7 of the Dungeon)
 P - a wand of random effects (22)
   (You found it on level 10 of the Dungeon)
 Q - a wand of flame (23)
   (You found it on level 10 of the Dungeon)
 V - a wand of enslavement (7)
   (You found it in a labyrinth)
Scrolls
 c - 2 scrolls of enchant weapon
 f - 3 scrolls of fog
 s - 8 scrolls of remove curse
 t - 5 scrolls of teleportation {!r}
 C - 2 scrolls of immolation
 L - a scroll of amnesia
 S - a scroll of noise
Potions
 g - 2 potions of mutation
 h - 3 potions of haste
 i - 7 potions of lignification
 j - 3 potions of magic
 l - 3 potions of agility
 o - a potion of flight {unknown}
 w - 6 potions of curing
 A - 2 potions of cancellation {unknown}
 D - 3 potions of brilliance
 F - a potion of invisibility {unknown}
 G - 2 potions of might {unknown}
 M - 3 potions of ambrosia {unknown}
Books
 E - a book of Cantrips
   (You found it on level 6 of the Dungeon)
 H - a book of Battle
   (You found it on level 11 of the Dungeon)
 J - a book of Power
   (You bought it in a shop on level 8 of the Dungeon)
 K - a book of Conjurations
   (You found it on level 7 of the Dungeon)
 U - the Disquisition on Earthen Battle Magic
   (You found it in a labyrinth)

   Spells                             Type                      Level
   a - Sandblast                      Earth                        1
   b - Searing Ray                    Conjuration                  2
   c - Venom Bolt                     Conjuration/Poison           5
   d - Iron Shot                      Conjuration/Earth            6
   e - Bolt of Cold                   Conjuration/Ice              6
Miscellaneous
 N - a phantom mirror
Comestibles
 e - 11 rations
 x - 4 chunks of flesh


You were on level 2 of the Lair of Beasts.
You worshipped Vehumet.
Vehumet was most pleased with you.
You were very hungry.

You visited 4 branches of the dungeon, and saw 15 of its levels.
You also visited: Labyrinth and Sewer.

You collected 1050 gold pieces.
You spent 540 gold pieces at shops.

Dungeon Overview and Level Annotations

Branches:
Dungeon (11/15)            Temple (1/1) D:5            Lair (2/6) D:11
    Orc (1/2) D:9
  Swamp: Lair:2-4    Shoals: Lair:2-4     Snake: Lair:2-4    Spider: Lair:2-4

Altars:
Ashenzari
Cheibriados
Dithmenos
Elyvilon
Fedhas
Gozag
Hepliaklqana
Kikubaaqudgha
Makhleb
Nemelex Xobeh
Okawaru
Qazlal
Ru
Sif Muna
Trog
Uskayaw
Vehumet
Wu Jian
Xom
Yredelemnul
Zin
The Shining One

Shops:
D:8 :

Annotations:
D:3 brew9's ghost, novice GrCj
D:5 Zleub's ghost, novice GnSk


Message History

x - 4 chunks of flesh Unknown command.
Unknown command.
You found a shaft!
Found 16 gold pieces.
You hear the faint crackling of a melting archway nearby.
Found an escape hatch in the ceiling.
You open the door.
An ice devil comes into view.
Unknown command.
Unknown command.
Unknown command.
Unknown command.
Aim: an ice devil The zap hits the ice devil.
The ice devil appears unharmed.
An ice devil comes into view.
You now have 23/24 mp.
You conjure a globe of magical energy.
You now have 18/24 mp.
Aim: an ice devil The zap misses the ice devil.
Your battlesphere fires!
The barrage of energy hits the ice devil.
You now have 17/24 mp.
Aim: an ice devil The zap hits the ice devil.
The ice devil appears unharmed.
The zap hits the ice devil.
Your battlesphere fires!
The barrage of energy hits the ice devil.
You now have 16/24 mp.
Aim: an ice devil (lightly wounded)
You hear a mighty clap of thunder!
The bolt of lightning misses the ice devil.
The bolt of lightning hits the ice devil.
* * * LOW MAGIC WARNING * * *
Your battlesphere fires!
The barrage of energy hits the ice devil.
You now have 12/24 mp.
Aim: an ice devil (severely wounded)
The zap hits the ice devil.
The zap misses the ice devil.
* * * LOW MAGIC WARNING * * *
Your battlesphere fires!
The barrage of energy hits the ice devil.
You kill the ice devil!
Vehumet accepts your kill.
You feel your power returning. The ice devil misses you.
You regained 3 mp, and now have 15/24 mp.
The ice devil is struck by lightning.
The lightning grounds out.
The ice devil hits you! The ice devil freezes you!!
You take 30 damage, and have 40/70 hp.
MASSIVE DAMAGE!!
You now have 12/24 mp.
The zap misses the ice devil. x2
* * * LOW MAGIC WARNING * * *
Your battlesphere fires!
The barrage of energy hits the ice devil.
The ice devil hits you. The ice devil freezes you!
* * * LOW HITPOINT WARNING * * *
You take 14 damage, and have 26/70 hp.
You now have 11/24 mp.
You are feeling very hungry.
You hear a mighty clap of thunder!
The bolt of lightning misses the ice devil. x2
* * * LOW MAGIC WARNING * * *
Your battlesphere fires!
The barrage of energy hits the ice devil.
The ice devil hits you!
* * * LOW HITPOINT WARNING * * *
The ice devil freezes you!!
* * * LOW HITPOINT WARNING * * *
You take 25 damage, and have 2/70 hp.
MASSIVE DAMAGE!!
You now have 7/24 mp.
A porcupine comes into view.
A porcupine comes into view.
You feel much better. The porcupine bites you!
* * * LOW HITPOINT WARNING * * *
The porcupine closely misses you. The porcupine bites you.
* * * LOW HITPOINT WARNING * * *
You regained 7 hp, and now have 12/70 hp.
The porcupine bites the plant!
You feel quick.
* * * LOW MAGIC WARNING * * *
The porcupine barely misses you.
The porcupine bites the plant!
You now have 6/24 mp.
The ice devil barely misses your battlesphere.
The ice devil barely misses your battlesphere.
The porcupine bites your battlesphere. The porcupine bites your battlesphere.
Your battlesphere is destroyed!
You hear a mighty clap of thunder!
The bolt of lightning misses the porcupine. x3
* * * LOW MAGIC WARNING * * *
You now have 3/24 mp.
The porcupine falls through a shaft!
The shaft crumbles and collapses.
You start to feel a little slower.
A black mamba comes into view.
Your troll leather armour prevents you from hitting the black mamba.
You peck the black mamba, but do no damage.
The black mamba bites you!
* * * LOW HITPOINT WARNING * * *
The black mamba closely misses you.
You take 10 damage, and have 10/70 hp.
You open the door. The black mamba bites you!
You die...

,,,,,,,...+....>....#####**,,,,,,
,,,,,,,,*#...........P..#*,,,,,,,
,,,,,,****#......:..+,,****,,,,,,
,,,,,** ##.........#*,,***......
,,,,,* #....<.....#,*,,**......
,,,,,* #........###******#.....
*,,*** ##.......#****** #.....
*,,,,* ######'S#*,.,,***#.<...
**,*** #** ##.@.#*,...##,+.#.#*
*,,* #.####..#+#*∩......#..#*
*,,* *#........#*,,,,*#.*..##
**,*** #.....r..#*,,,,*####..#*
*,,,,* #........#****** ###.##
**,*** #......r.##### #..... *,,*
#............# #..... **,**
#............######..... *,,,**
**#.....)......+...#......


You could see a black mamba and a porcupine.

Notes
Turn   | Place    | Note
-------+----------+-------------------------------------------
     0 | D:1      | theanonym the Tengu Air Elementalist began the quest for the Orb.
     0 | D:1      | Reached XP level 1. HP: 10/10 MP: 4/4
   171 | D:1      | Reached skill level 2 in Conjurations
   216 | D:1      | Reached XP level 2. HP: 15/15 MP: 1/6
   267 | D:1      | Learned a level 2 spell: Swiftness
  1450 | D:1      | Reached XP level 3. HP: 19/19 MP: 5/7
  1455 | D:1      | Learned a level 3 spell: Static Discharge
  1530 | D:2      | Reached skill level 3 in Conjurations
  1574 | D:2      | Reached skill level 5 in Air Magic
  2124 | D:2      | Reached XP level 4. HP: 24/24 MP: 8/8
  2738 | D:2      | Reached skill level 4 in Conjurations
  2984 | D:3      | Found an ornate altar of the Wu Jian Council.
  3107 | D:3      | Found a glowing drain.
  3137 | Sewer    | Entered a sewer
  3277 | Sewer    | Gained mutation: You can fly. [Tengu growth]
  3277 | Sewer    | Reached XP level 5. HP: 28/28 MP: 5/9
  4513 | D:3      | Reached skill level 6 in Air Magic
  4844 | D:3      | Found a shimmering altar of Xom.
  4852 | D:3      | Reached skill level 5 in Conjurations
  4852 | D:3      | Reached XP level 6. HP: 28/32 MP: 4/11
  5026 | D:3      | Noticed brew9's ghost (novice GrCj)
  5031 | D:3      | Reached skill level 3 in Spellcasting
  5084 | D:3      | HP: 16/32 [brew9's ghost/magic dart (8)]
  5521 | D:3      | Found a burning altar of Makhleb.
  5570 | D:4      | Learned a level 4 spell: Airstrike
  5726 | D:4      | Noticed Grinder
  5727 | D:4      | Noticed Menkaure
  5821 | D:4      | Noticed Sigmund
  6028 | D:4      | HP: 8/32 [Sigmund/scythe (14)]
  6029 | D:4      | Killed Sigmund
  6029 | D:4      | Reached skill level 3 in Dodging
  6029 | D:4      | Reached skill level 6 in Conjurations
  6029 | D:4      | Reached skill level 7 in Air Magic
  6029 | D:4      | Reached XP level 7. HP: 9/36 MP: 1/12
  6565 | D:4      | HP: 14/36 [ogre/giant spiked club (22)]
  6790 | D:4      | Found a sacrificial altar of Ru.
  6933 | D:4      | Noticed Natasha
  6943 | D:4      | Killed Natasha
  6943 | D:4      | Reached skill level 4 in Dodging
  7029 | D:4      | Found a hazy altar of Hepliaklqana.
  7085 | D:4      | Found a shadowy altar of Dithmenos.
  7262 | D:5      | Entered Level 5 of the Dungeon
  7269 | D:5      | Found a staircase to the Ecumenical Temple.
  7390 | D:4      | Killed Grinder
  7390 | D:4      | Reached skill level 7 in Conjurations
  7390 | D:4      | Reached skill level 8 in Air Magic
  7390 | D:4      | Reached XP level 8. HP: 28/41 MP: 1/13
  7512 | D:4      | HP: 16/41 [??? (13)]
  7525 | D:3      | HP: 16/41 [crimson imp (1)]
  7529 | D:3      | HP: 7/41 [brew9's ghost/magic dart (5)]
  7660 | D:4      | Noticed Natasha
  7665 | D:4      | Killed Natasha
  7738 | D:4      | Found a radiant altar of Vehumet.
  7740 | D:4      | Found a shattered altar of Ashenzari.
  7752 | D:4      | Noticed Natasha
  7756 | D:4      | Killed Natasha
  8037 | D:4      | Killed Menkaure
  8037 | D:4      | Reached skill level 8 in Conjurations
  8157 | D:5      | Reached skill level 9 in Air Magic
  8170 | D:5      | Noticed Zleub's ghost (novice GnSk)
  8443 | Temple   | Entered the Ecumenical Temple
  8527 | D:4      | Became a worshipper of Vehumet
  8916 | D:5      | HP: 20/41 [poisoned by Zleub's ghost]
  9685 | D:6      | Reached skill level 4 in Spellcasting
  9692 | D:6      | Learned a level 5 spell: Lightning Bolt
 10265 | D:6      | Found a stormy altar of Qazlal.
 10358 | D:6      | Reached skill level 9 in Conjurations
 10538 | D:6      | Reached XP level 9. HP: 45/45 MP: 9/16
 10564 | D:6      | Noticed Eustachio
 10591 | D:6      | Found a deep blue altar of Sif Muna.
 10596 | D:6      | Killed Eustachio
 10596 | D:6      | Reached skill level 10 in Air Magic
 11018 | D:7      | Reached * piety under Vehumet
 11018 | D:7      | Offered knowledge of Flame Tongue by Vehumet.
 11219 | D:7      | Reached skill level 1 in Fighting
 11695 | D:7      | Reached skill level 2 in Fighting
 11950 | D:8      | Reached skill level 10 in Conjurations
 12182 | D:8      | Found Voqa's Book Shoppe.
 12384 | D:8      | Reached skill level 3 in Fighting
 12384 | D:8      | Reached skill level 11 in Air Magic
 12657 | D:8      | Noticed a two-headed ogre
 12663 | D:8      | Killed a two-headed ogre
 12663 | D:8      | Reached skill level 4 in Fighting
 13017 | D:9      | Reached XP level 10. HP: 41/58 MP: 4/17
 13245 | D:9      | Found a snail-covered altar of Cheibriados.
 13290 | D:9      | Reached skill level 5 in Fighting
 13290 | D:9      | Reached skill level 12 in Air Magic
 13588 | D:9      | Offered knowledge of Freeze by Vehumet.
 13670 | D:8      | Bought a book of Power for 540 gold pieces
 13738 | D:9      | Found a staircase to the Orcish Mines.
 13744 | D:9      | Reached ** piety under Vehumet
 14085 | D:9      | Reached skill level 5 in Spellcasting
 14369 | D:10     | Entered Level 10 of the Dungeon
 14629 | D:10     | Learned a level 5 spell: Iskenderun's Battlesphere
 14696 | D:10     | Found a radiant altar of Vehumet.
 14870 | D:10     | Reached skill level 1 in Charms
 15090 | D:10     | Reached skill level 2 in Charms
 15514 | Orc:1    | Entered Level 1 of the Orcish Mines
 15516 | Orc:1    | Noticed an orc knight
 15518 | Orc:1    | Reached skill level 3 in Charms
 15654 | Orc:1    | Offered knowledge of Ignite Poison by Vehumet.
 15659 | Orc:1    | HP: 18/59 [orc warrior/mace (15)]
 15993 | D:9      | Killed an orc knight
 15993 | D:9      | Reached skill level 11 in Conjurations
 15993 | D:9      | Reached skill level 4 in Charms
 15993 | D:9      | Reached XP level 11. HP: 34/63 MP: 2/20
 16215 | Orc:1    | Noticed an orc high priest
 16257 | D:11     | Noticed a purple ugly thing
 16261 | D:11     | Killed a purple ugly thing
 16358 | D:11     | Noticed a skeletal warrior
 16375 | D:11     | Noticed a skeletal warrior
 16669 | D:10     | HP: 30/63 [hippogriff (4)]
 16690 | D:10     | HP: 28/63 [hippogriff (6)]
 17035 | D:11     | Found a staircase to the Lair.
 17052 | D:11     | HP: 29/63 [troll (9)]
 17053 | D:11     | Reached skill level 5 in Charms
 17235 | D:11     | HP: 30/63 [bounced beam (5)]
 17470 | D:11     | Reached *** piety under Vehumet
 17789 | D:11     | Noticed a skeletal warrior
 17865 | D:11     | Killed a skeletal warrior
 17865 | D:11     | Reached skill level 12 in Conjurations
 18263 | D:11     | Killed a skeletal warrior
 18307 | D:11     | HP: 31/64 [centaur (5)]
 18313 | D:11     | HP: 25/64 [centaur/arrow (7)]
 18630 | D:11     | Noticed a green ugly thing
 18635 | D:11     | Killed a green ugly thing
 18635 | D:11     | Reached skill level 6 in Fighting
 18742 | D:11     | Offered knowledge of Mephitic Cloud by Vehumet.
 18742 | D:11     | Reached skill level 13 in Conjurations
 19019 | Lair:1   | Entered Level 1 of the Lair of Beasts
 19111 | Lair:1   | Noticed a six-headed hydra
 19114 | Lair:1   | Killed a six-headed hydra
 19114 | Lair:1   | Reached skill level 6 in Spellcasting
 19115 | Lair:1   | Found a labyrinth entrance.
 19128 | Lab      | Entered a labyrinth
 19426 | Lab      | Noticed a minotaur
 19428 | Lab      | Killed a minotaur
 19428 | Lab      | Reached skill level 7 in Spellcasting
 19433 | Lab      | Learned a level 3 spell: Mephitic Cloud
 19438 | Lab      | Identified the Disquisition on Earthen Battle Magic
 19439 | Lab      | Got a heavily runed tin amulet
 19440 | Lab      | Got a smoking robe {0}
 19545 | Lair:1   | HP: 31/64 [basilisk (7)]
 19561 | Lair:1   | Noticed Harold
 19620 | D:11     | HP: 31/64 [centaur/arrow (5)]
 19623 | D:11     | Reached XP level 12. HP: 36/70 MP: 6/24
 19796 | D:11     | Identified the +1 robe of Wisdom {+Inv rPois MP-9 Stlth+, 0} (You found it in a labyrinth)
 19852 | D:11     | Identified a scroll of acquirement
 19860 | D:11     | Identified the amulet of Deoliwur {Inacc rPois rF++ Str-4 Dex+3} (You found it in a labyrinth)
 19931 | Lair:1   | Killed Harold
 19931 | Lair:1   | Reached skill level 2 in Evocations
 19955 | D:11     | Upgraded the game from 0.21-a0-578-gc6e9d75 to 0.21-a0-582-g1b93aee
 19959 | D:11     | Reached skill level 3 in Evocations
 20179 | Lair:1   | Got a transparent bone ring
 20181 | Lair:1   | Identified the ring of Serendipity {rN+ Str+2 Slay+6} (You found it on level 1 of the Lair of Beasts)
 20520 | Lair:1   | Reached skill level 4 in Evocations
 20708 | Lair:1   | Found a glowing silver altar of Zin.
 21131 | Lair:2   | HP: 26/70 [ice devil (10)]
 21134 | Lair:2   | HP: 2/70 [ice devil (18)]
 21140 | Lair:2   | HP: 14/70 [porcupine (8)]
 21159 | Lair:2   | HP: 10/70 [black mamba (11)]
 21160 | Lair:2   | Slain by a black mamba

Vanquished Creatures
  A minotaur (Lab)
  A hydra (Lair:1)
  Harold (Lair:1)
  A two-headed ogre (D:8)
  2 skeletal warriors (D:11)
  An orc knight (D:9)
  2 ugly things (D:11)
  An elephant (D:11)
  A gargoyle (Lab)
  A spiny frog (D:11)
  An ice devil (Lair:2)
  3 trolls
  Grinder (D:4)
  2 hippogriffs
  Sigmund (D:4)
  10 yaks
  A wyvern (D:8)
  A basilisk (Lair:1)
  Eustachio (D:6)
  A warg (D:9)
  Menkaure (D:4)
  2 porcupines (Lair:1)
  2 ice beasts
  9 orc warriors
  A phantom (D:7)
  4 ogres
  7 centaurs
  4 crocodiles
  4 bullfrogs
  A wyvern zombie (D:10)
  2 scorpions
  5 killer bees (D:10)
  4 wights (D:10)
  A howler monkey (D:4)
  6 crimson imps
  2 centaur zombies (D:11)
  10 hounds
  2 jellies
  2 bullfrog skeletons
  7 orc priests
  2 centaur skeletons
  3 iguanas
  Natasha (thrice) (D:4)
  7 orc wizards
  5 worker ants
  2 hound zombies
  2 hound skeletons
  4 worker ant zombies
  3 gnolls (D:6)
  2 howler monkey skeletons (D:7)
  11 adders
  2 shadow imps
  An ooze (D:3)
  2 worms (D:2)
  2 adder skeletons
  4 dart slugs
  8 leopard geckos
  28 orcs
  8 giant cockroaches
  8 goblins
  9 hobgoblins
  8 jackals
  7 quokkas
  3 ball pythons (Sewer)
  11 bats
  10 frilled lizards
  A jackal zombie (D:7)
  12 kobolds
  A leopard gecko skeleton (D:6)
  5 rats
  5 plants
289 creatures vanquished.

Vanquished Creatures (others)
  A centaur (D:11)
  A fungus (D:11)
  4 plants
6 creatures vanquished.

Grand Total: 295 creatures vanquished

Table legend:
 A = Turns spent in this place as a percentage of turns spent in the entire game.
 B = Non-inter-level travel turns spent in this place as a percentage of non-inter-level travel turns spent in the entire game.
 C = Inter-level travel turns spent in this place as a percentage of turns spent in this place.
 D = Turns resting spent in this place as a percentage of non-inter-level travel turns spent in this place.
 E = Turns spent auto-exploring this place as a percentage of non-inter-level travel turns spent in this place.
 F = Non-inter-level travel turns spent in this place divided by the number of levels of this place that you've seen.
                   A       B       C       D       E      F
               +-------+-------+-------+-------+-------+----------------------
         Total | 100.0 | 100.0 |   6.1 |  47.4 |  33.8 | 1168.9
       Dungeon |  86.0 |  85.2 |   6.9 |  50.9 |  33.5 | 1539.9
        Temple |   0.3 |   0.2 |  17.9 |   0.0 |  95.7 |  46.0
          Lair |   5.9 |   6.2 |   1.1 |  26.6 |  48.1 | 618.0
  Orcish Mines |   0.6 |   0.6 |   0.8 |  26.3 |  20.3 | 118.0
     Labyrinth |   1.9 |   2.0 |   0.0 |  51.2 |   0.0 | 406.0
         Sewer |   5.3 |   5.7 |   0.0 |  21.0 |  33.9 | 1127.0
               +-------+-------+-------+-------+-------+----------------------
